 Dungeon Crawl Stone Soup version 0.30.1-3-gfc49f6343a (webtiles) character file.

Game seed: 9258115906432468546

108321 booth the Cleaver (level 16, -1/134 HPs)
             Began as a Demonspawn Gladiator on Aug 4, 2023.
             Was an Elder of Ashenzari.
             Slain by a nagaraja
             ... wielding a +2 whip of venom
              (11 damage)
             ... on level 2 of the Snake Pit on Aug 6, 2023.
             The game lasted 03:37:58 (28640 turns).

booth the Cleaver (Demonspawn Gladiator)           Turns: 28640, Time: 03:37:58

Health: -1/134     AC: 25    Str: 22    XL:     16   Next: 2%
Magic:  23/23      EV:  9    Int: 12    God:    Ashenzari [****..]
Gold:   1084       SH:  0    Dex: 16    Spells: 39/39 levels left

rFire   . . .        Q - +3 great mace (vamp)
rCold   + . .        (shield currently unavailable)
rNeg    + . .        a - +5 chain mail of Ashenzari's Omen {rPois, Fort, Cun} (curse)
rPois   +            o - +2 hat "Circumscribed Idealism" {Bglg, Melee} (curse)
rElec   .            D - +1 cloak "Bound Together" {Range, Self} (curse)
rCorr   .            m - +1 pair of gloves of Ashenzari's Stickiness {Bglg, Range} (curse)
SInv    +            (no boots)
Will    +....        u - amulet "Gaze Upon Infinity" {Acrobat rN+ MP-9 Str+3, Alch, Melee} (curse) Stlth
                     F - ring of the Six Changing Loafs {Wiz rPois SInv}
HPRegen 0.42/turn    V - ring of the Bound Entitlement {rC+, Evo, Self} (curse)
MPRegen 0.18/turn

%: acrobat, clarity, wizardry (x1)
@: constricted
A: ignite blood 1, powered by death 3, sharp scales 2, weakness stinger 2
a: Renounce Religion, Curse Item, Shatter the Chains


You were on level 2 of the Snake Pit.
You worshipped Ashenzari.
Ashenzari was greatly pleased with you.
You visited 5 branches of the dungeon, and saw 25 of its levels.

You collected 4065 gold pieces.
You spent 2981 gold pieces at shops.

Inventory:

Hand Weapons
 b - a +1 war axe of protection
 e - a +3 flail of draining
 w - the +6 hand axe of the Extremes {drain, rPois Will+}
   (You found it on level 3 of the Dungeon)

   rPois:     It protects you from poison.
   Will:      It increases your willpower.
 Q - a +3 vampiric great mace (weapon)
Missiles
 d - 5 throwing nets
 f - 16 boomerangs
 g - 3 curare-tipped darts
 h - 62 poisoned darts (quivered)
 y - 7 silver javelins
Armour
 a - the cursed +5 chain mail of Ashenzari's Omen (worn) {rPois, Fort, Cun}
   (You took it off Rupert on level 3 of the Lair of Beasts)

   It has a curse which improves the following skills: Fortitude: Armour and
   Shields.
   Cunning:   Dodging and Stealth.
 m - the cursed +1 pair of gloves of Ashenzari's Stickiness (worn) {Bglg, Range}
   (You found it on level 1 of the Dungeon)

   It has a curse which improves the following skills: Beguiling: Conjurations,
   Hexes and Translocations.
   Ranged Combat: Ranged Weapons and Throwing.
 o - the cursed +2 hat "Circumscribed Idealism" (worn) {Bglg, Melee}
   (You found it on level 1 of the Dungeon)

   It has a curse which improves the following skills: Beguiling: Conjurations,
   Hexes and Translocations.
   Melee Combat: Short Blades, Long Blades, Axes, Maces & Flails, Polearms,
   Staves and Unarmed Combat.
 D - the cursed +1 cloak "Bound Together" (worn) {Range, Self}
   (You found it on level 6 of the Dungeon)

   It has a curse which improves the following skills: Ranged Combat: Ranged
   Weapons and Throwing.
   Introspection: Fighting and Spellcasting.
 G - an orb of mayhem
 N - a +2 scale mail of fire resistance
 P - a +2 kite shield of reflection
Jewellery
 k - a ring of resist corrosion
 u - the cursed amulet "Gaze Upon Infinity" (around neck) {Acrobat rN+ MP-9 Str+3, Alch, Melee}
   (You acquired it on level 4 of the Dungeon)

   [amulet of the acrobat]

   It increases your evasion while moving and waiting.
   Str:       It affects your strength (+3).
   rN:        It protects you from negative energy.
   MP:        It affects your magic capacity (-9).
   It has a curse which improves the following skills: Alchemy: Poison Magic and
   Transmutations.
   Melee Combat: Short Blades, Long Blades, Axes, Maces & Flails, Polearms,
   Staves and Unarmed Combat.
 F - the ring of the Six Changing Loafs (left hand) {Wiz rPois SInv}
   (You bought it in a shop on level 1 of the Orcish Mines)

   [ring of wizardry]

   It improves your spell success rate.
   rPois:     It protects you from poison.
   SInv:      It lets you see invisible.
 V - the cursed ring of the Bound Entitlement (right hand) {rC+, Evo, Self}
   (You bought it in a shop on level 3 of the Dungeon)

   [ring of protection from cold]

   rC:        It protects you from cold.
   It has a curse which improves the following skills: Evocations: Evocations.
   Introspection: Fighting and Spellcasting.
 W - a ring of magical power
Wands
 t - a wand of roots (11)
 v - a wand of digging (4)
 x - a wand of polymorph (12)
 H - a wand of paralysis (15)
 I - a wand of mindburst (19)
 K - a wand of flame (12)
Scrolls
 c - a scroll of summoning
 n - a scroll of blinking
 r - a scroll of fear
 s - 3 scrolls of immolation
 A - 11 scrolls of teleportation
 C - 2 scrolls of amnesia
 E - 2 scrolls of magic mapping
 J - 3 scrolls of poison
 Y - 4 scrolls of fog
 Z - 2 scrolls of silence
Potions
 i - 4 potions of attraction
 j - 7 potions of curing
 l - 6 potions of flight
 q - 4 potions of haste
 z - 2 potions of magic
 L - 3 potions of berserk rage
 M - a potion of ambrosia
 R - 7 potions of resistance
 T - 2 potions of invisibility
 U - a potion of might
 X - 3 potions of cancellation
Miscellaneous
 p - a box of beasts
 S - a phantom mirror


   Skills:
 + Level 12.2(14.8) Fighting
 + Level 13.1(16.5) Axes
 + Level 8.5(13.9) Maces & Flails
 + Level 11.1(13.8) Throwing
 - Level 8.4(10.2) Armour
 - Level 6.0(7.9) Dodging
 - Level 7.4(9.3) Shields
 - Level 9.7(12.4) Spellcasting
 - Level 5.1(7.8) Hexes


You had 39 spell levels left.
You didn't know any spells.
Your spell library contained the following spells:

 Spells                   Type           Power      Damage    Failure   Level
 Inner Flame              Hex/Fire       16%        N/A       11%         3
 Apportation              Tloc           16%        N/A       16%         1
 Necrotise                Necr           28%        1d5       17%         1
 Summon Small Mammal      Summ           28%        N/A       17%         1
 Blink                    Tloc           16%        N/A       22%         2
 Cigotuvi's Dreadful Rot  Necr/Pois/Air  14%        N/A       26%         2
 Poisonous Vapours        Pois/Air       14%        N/A       26%         2
 Ignite Poison            Fire/Tmut/Pois 7%         N/A       43%         3
 Mephitic Cloud           Conj/Pois/Air  7%         N/A       43%         3
 Vampiric Draining        Necr           7%         2d6       45%         3
 Metabolic Englaciation   Hex/Ice        8%         N/A       65%         5
 Yara's Violent Unravell  Hex/Tmut       8%         3d5       65%         5
 Manifold Assault         Tloc           8%         N/A       80%         4
 Flame Wave               Conj/Fire      7%         2d5       82%         4
 Petrify                  Tmut/Erth      7%         N/A       82%         4
 Sticky Flame             Conj/Fire      7%         2d3       82%         4
 Freezing Cloud           Conj/Ice/Air   3%         6-21      98%         5
 Agony                    Necr           7%         N/A       99%         5
 Enfeeble                 Hex            13%        N/A       99%         7
 Statue Form              Tmut/Erth      4%         N/A       100%        6
 Storm Form               Tmut/Air       3%         N/A       100%        7
 Ignition                 Fire           3%         3d4       100%        8


Dungeon Overview and Level Annotations

Branches:
Dungeon (15/15)            Temple (1/1) D:4            Lair (5/5) D:8
 Shoals (0/4) Lair:3        Snake (2/4) Lair:2        Slime (0/5) Lair:5
    Orc (2/2) D:9             Elf (0/3) Orc:2        Vaults (0/5) D:14
 Depths (0/4) D:15

Altars:
Ashenzari
Cheibriados
Dithmenos
Fedhas
Gozag
Hepliaklqana
Kikubaaqudgha
Makhleb
Nemelex Xobeh
Okawaru
Qazlal
Ru
Sif Muna
Trog
Uskayaw
Vehumet
Wu Jian
Xom
Yredelemnul
Jiyva
Lugonu

Shops:
D:3 =   D:4 ?   D:12 (   Orc:1 [?=*   Orc:2 !*[[   Snake:2 *

Portals:
Abyss: Lair:5
Trove: D:10 (give 9 potions of haste)

Annotations:
D:11 1 runed translucent door, spardeous's ghost, journeyman DgCj
D:13 1 runed translucent door, exclusion: ice statue, spardeous's ghost, journeyman DgCj


Innate Abilities, Weirdness & Mutations

Your demonic aura sometimes causes spilled blood to erupt in flames.
You regenerate a lot of health from kills.
You are mostly covered in razor-sharp scales. (AC +2, Slay +2)
You have a tail ending in a sharp stinger.


Message History

The nagaraja constricts you.
The nagaraja hits you with a +2 whip of venom!
* * * LOW HITPOINT WARNING * * *
You are poisoned.
The nagaraja constricts you.
You barely miss the nagaraja.
The nagaraja is lightly wounded.
You feel very sick.
The nagaraja hits you but does no damage.
You are more poisoned.
The nagaraja constricts you.
You closely miss the nagaraja.
The nagaraja is lightly wounded.
* * * LOW HITPOINT WARNING * * *
You feel very sick.
The nagaraja hits you with a +2 whip of venom.
* * * LOW HITPOINT WARNING * * *
The nagaraja constricts you.
* * * LOW HITPOINT WARNING * * *
The nagaraja completely misses you. The nagaraja constricts you.
* * * LOW HITPOINT WARNING * * *
You feel better. The nagaraja spits poison at you.
The splash of poison hits you. You resist.
* * * LOW HITPOINT WARNING * * *
The nagaraja constricts you.
You feel better.
The nagaraja hits you with a +2 whip of venom!
* * * LOW HITPOINT WARNING * * *
The nagaraja constricts you.
* * * LOW HITPOINT WARNING * * *
The nagaraja hits you but does no damage.
The nagaraja constricts you.
Throw: 4 darts (curare)
Press: ? - help, Q - select action, (/) - cycle Shift-Dir - straight line, f - nagaraja
Aim: a nagaraja, wielding a +2 whip of venom and wearing a +0 robe (lightly wounded, constricting you, fast, catching its breath, 73% to hit)
You throw a curare-tipped dart.
The curare-tipped dart barely misses the nagaraja.
The nagaraja hits you with a +2 whip of venom!
You die...

###....## #...#####
* * #......#
#.......# * **
#......####...#...#
* , *
#.<....##.....#...#
,,,* *
######..#........##
* * *#.#........###
,, ,, *
*.#####......# *,,,
, * . *#○##...# ,,
, * .,*#@# ..>.. ,,
* *#N#* ##.# , , ,
#(. ,. , , *
*##..,, ,*** *, ,
** .>., , * , ** *
.#.. * , ,, *, * *
....# ** , *,, ..
..,,, ** ,*,,, *


You could see a nagaraja (fast, catching breath).

Vanquished Creatures
  Rupert (Lair:3)
  A nagaraja (Snake:2)
  Nessos (Lair:5)
  Snorg (Lair:3)
  An entropy weaver (shapeshifter) (D:10)
  A hydra (Lair:4)
  3 centaur warriors
  3 vault guards (D:14)
  2 death knights (D:14)
  2 two-headed ogres
  2 anacondas (Snake:1)
  3 naga warriors
  6 boulder beetles
  Erica (D:11)
  3 tengu warriors
  6 death yaks (Lair:5)
  4 thrashing horrors (Lair:5)
  4 orc high priests (Orc:2)
  Urug (Lair:5)
  2 naga sharpshooters (Snake:1)
  A shock serpent (Snake:2)
  A fire crab (shapeshifter) (Lair:5)
  4 skysharks
  A skeletal warrior (D:14)
  A large abomination (Lair:5)
  4 necromancers
  2 wizards (D:14)
  5 orc knights (Orc:2)
  12 ugly things
  7 deep elf pyromancers
  2 manticores
  6 cyclopes
  5 orc sorcerers
  2 salamanders
  Joseph (D:8)
  7 black mambas
  13 elephants
  2 smoke demons (Lair:5)
  A guardian serpent (Snake:1)
  8 naga magi
  16 cane toads
  2 gargoyles (D:12)
  4 centaur skeletons (D:15)
  A cane toad (shapeshifter) (D:12)
  3 rime drakes (Lair:5)
  Psyche (D:9)
  3 efreet
  2 freezing wraiths (D:14)
  9 komodo dragons
  An ancient zyme (Lair:5)
  2 polar bears
  6 trolls
  A hornet (Lair:2)
  6 meliai
  25 blink frogs
  A raiju (shapeshifter) (D:14)
  4 dream sheep (Lair:4)
  6 slime creatures
  3 shadows
  A spriggan (Lair:5)
  2 ynoxinuls (Lair:5)
  A vampire (D:14)
  3 wraiths
  Grum (D:5)
  11 basilisks
  8 wyverns
  18 humans (D:14)
  2 fire elementals (Lair:1)
  A steam dragon (D:9)
  25 yaks
  A chaos spawn (Lair:5)
  7 vampire mosquitoes
  8 nagas
  A warg (Orc:1)
  12 water moccasins
  17 orc warriors
  2 ice beasts (D:6)
  A sky beast (D:8)
  30 wolves
  A black bear (D:8)
  9 ogres
  14 centaurs
  3 phantoms
  16 bullfrogs
  3 kobold brigands
  7 small abominations (Lair:5)
  4 gnoll sergeants (D:5)
  6 scorpions
  6 killer bees (D:11)
  6 howler monkeys (D:11)
  An electric eel (Orc:1)
  3 lava snakes (Lair:2)
  18 hounds
  A jelly (shapeshifter) (Lair:5)
  27 orc priests
  3 gnoll boudas
  2 sleepcaps
  8 iguanas
  25 orc wizards
  5 hell rats (Lair:3)
  A boggart skeleton (D:15)
  2 wolf simulacra (Lair:5)
  A yak simulacrum (Lair:5)
  4 polar bear simulacra (Lair:5)
  21 gnolls
  11 adders
  A shadow imp (D:7)
  A white imp (D:8)
  An ufetubus (D:13)
  A worm (D:2)
  3 dart slugs
  75 orcs
  9 ball pythons
  6 endoplasms
  A giant cockroach (D:2)
  5 goblins
  5 hobgoblins
  12 jackals
  2 quokkas
  4 bats
  4 frilled lizards (D:2)
  21 kobolds
  6 rats
  4 river rat simulacra (Lair:5)
750 creatures vanquished.

Vanquished Creatures (collateral kills)
  4 orcs (D:8)
  3 kobolds (D:8)
7 creatures vanquished.

Grand Total: 757 creatures vanquished

Notes
Turn   | Place    | Note
-------+----------+-------------------------------------------
     0 | D:1      | booth the Demonspawn Gladiator began the quest for the Orb.
     0 | D:1      | Reached XP level 1. HP: 16/16 MP: 1/1
   163 | D:1      | Gained mutation: You regenerate a little health from kills.
                  | [demonic ancestry]
   163 | D:1      | Reached XP level 2. HP: 22/22 MP: 2/2
   233 | D:1      | Found a faded altar of an unknown god.
   348 | D:1      | Reached skill level 3 in Axes
   902 | D:2      | Gained mutation: Your demonic aura sometimes causes spilled
                  | blood to erupt in flames. [demonic ancestry]
   902 | D:2      | Reached XP level 3. HP: 23/27 MP: 3/3
  1690 | D:3      | Reached skill level 1 in Spellcasting
  1690 | D:3      | Reached XP level 4. HP: 34/34 MP: 5/5
  1754 | D:3      | Identified the ring "Omash" {rN++ EV+5}
  1794 | D:3      | Identified the +6 hand axe of the Extremes {drain, rPois
                  | Will+}
  1943 | D:3      | Found Woavum's Jewellery Emporium.
  2371 | D:4      | Reached XP level 5. HP: 40/40 MP: 5/7
  2387 | D:4      | Reached skill level 4 in Axes
  2676 | D:4      | Reached XP level 6. HP: 47/47 MP: 8/8
  3007 | D:4      | Found a staircase to the Ecumenical Temple.
  3039 | Temple   | Entered the Ecumenical Temple
  3226 | Temple   | Became a worshipper of Ashenzari the Shackled
  3513 | D:4      | Identified the +3 longbow of World's End {freeze, +Blink
                  | rC+ Dex+4 Stlth+}
  3536 | D:4      | Found Jyddaa's Magic Scroll Shop.
  3544 | D:4      | Bought a scroll of enchant armour for 90 gold pieces
  3544 | D:4      | Bought a scroll of teleportation for 36 gold pieces
  3544 | D:4      | Bought a scroll of teleportation for 36 gold pieces
  3544 | D:4      | Bought a scroll of identify for 24 gold pieces
  3544 | D:4      | Bought a scroll of identify for 24 gold pieces
  3546 | D:4      | Identified a scroll of acquirement
  3547 | D:4      | Acquired 841 gold pieces
  3652 | D:4      | Bought a scroll of acquirement for 624 gold pieces
  3652 | D:4      | Acquired 583 gold pieces
  3654 | D:4      | Bought a scroll of acquirement for 624 gold pieces
  3654 | D:4      | Acquired the amulet "Otoavvics" {Acrobat rN+ MP-9 Str+3}
  3802 | D:5      | Entered Level 5 of the Dungeon
  3863 | D:5      | Reached skill level 1 in Hexes
  3880 | D:5      | Gained mutation: You are partially covered in razor-sharp
                  | scales. (AC +1, Slay +1) [demonic ancestry]
  3880 | D:5      | Reached XP level 7. HP: 48/52 MP: 1/10
  3887 | D:5      | Reached skill level 5 in Axes
  4130 | D:5      | Gained mutation: You have a small tail. [demonic ancestry]
  4130 | D:5      | Reached XP level 8. HP: 60/60 MP: 3/12
  4626 | D:5      | Reached skill level 6 in Axes
  5030 | D:5      | Noticed Grum
  5034 | D:5      | Killed Grum
  5237 | D:6      | Reached XP level 9. HP: 67/67 MP: 5/14
  5370 | D:6      | Reached skill level 5 in Fighting
  5455 | D:6      | Reached skill level 5 in Dodging
  5711 | D:6      | Reached skill level 7 in Axes
  6410 | D:7      | Reached skill level 5 in Throwing
  6523 | D:7      | Reached * piety under Ashenzari
  7499 | D:8      | Noticed Joseph
  7505 | D:8      | Killed Joseph
  7506 | D:8      | Gained mutation: You have a tail ending in a sharp stinger.
                  | [demonic ancestry]
  7506 | D:8      | Reached XP level 10. HP: 67/76 MP: 8/17
  7538 | D:8      | Found a staircase to the Lair.
  7561 | D:8      | Reached skill level 8 in Axes
  7561 | D:8      | Reached skill level 5 in Spellcasting
  8011 | D:9      | Reached ** piety under Ashenzari
  8313 | D:9      | Found a sparkling altar of Nemelex Xobeh.
  8313 | D:9      | Found an opulent altar of Gozag.
  8355 | D:9      | Noticed Psyche
  8389 | D:9      | Identified the cursed +2 hat "Circumscribed Idealism"
                  | {Bglg, Melee} (You found it on level 1 of the Dungeon)
  8389 | D:9      | Identified the cursed +1 pair of gloves of Ashenzari's
                  | Stickiness {Bglg, Range} (You found it on level 1 of the
                  | Dungeon)
  8390 | D:9      | Killed Psyche
  8391 | D:9      | Reached skill level 5 in Hexes
  8780 | D:9      | Found a staircase to the Orcish Mines.
  9023 | D:10     | Entered Level 10 of the Dungeon
  9204 | D:10     | Found a snail-covered altar of Cheibriados.
  9214 | D:10     | Found a stormy altar of Qazlal.
  9275 | D:10     | Reached skill level 1 in Armour
  9299 | D:10     | Found a portal to a secret trove of treasure.
  9618 | D:10     | Noticed a cyclops
  9619 | D:10     | Found the +12 glaive of Prune {freeze, Prune}
  9624 | D:10     | Killed a cyclops
  9646 | D:10     | Noticed an entropy weaver
  9652 | D:10     | Killed an entropy weaver
  9653 | D:10     | Reached skill level 9 in Axes
  9792 | D:10     | Noticed a tengu warrior
  9819 | D:10     | Killed a tengu warrior
  9820 | D:10     | Gained mutation: You are mostly covered in razor-sharp
                  | scales. (AC +2, Slay +2) [demonic ancestry]
  9820 | D:10     | Reached XP level 11. HP: 51/84 MP: 10/19
 10522 | D:11     | Found a runed translucent door.
 10524 | D:11     | Noticed spardeous's ghost (journeyman DgCj)
 10558 | D:11     | Noticed Erica
 10569 | D:11     | Killed Erica
 10683 | D:11     | Noticed a two-headed ogre
 10691 | D:11     | Killed a two-headed ogre
 10780 | D:11     | Found a gate leading to a gauntlet.
 11836 | D:12     | Reached skill level 10 in Axes
 12010 | D:12     | Noticed a white ugly thing
 12027 | D:12     | Killed a white ugly thing
 12184 | D:12     | Noticed a deep elf pyromancer
 12200 | D:12     | Killed a deep elf pyromancer
 12217 | D:12     | Found Rytu's Antique Weapon Shop.
 12274 | D:12     | Noticed a deep elf pyromancer
 12287 | D:12     | Killed a deep elf pyromancer
 12375 | D:12     | Reached skill level 1 in Maces & Flails
 12375 | D:12     | Reached skill level 1 in Shields
 12649 | D:12     | Reached *** piety under Ashenzari
 12882 | D:3      | Bought a +4 ring of protection for 432 gold pieces
 12882 | D:3      | Bought a ring of protection from cold for 300 gold pieces
 13125 | D:13     | Noticed a red ugly thing
 13126 | D:13     | Noticed a deep elf pyromancer
 13126 | D:13     | Noticed a deep elf pyromancer
 13150 | D:13     | Noticed a brown ugly thing
 13151 | D:13     | Noticed a boulder beetle
 13166 | D:12     | Killed a red ugly thing
 13276 | D:12     | Killed a deep elf pyromancer
 13277 | D:12     | Reached XP level 12. HP: 81/97 MP: 15/24
 13285 | D:12     | Killed a boulder beetle
 13474 | Lair:1   | Entered Level 1 of the Lair of Beasts
 14544 | Lair:2   | Reached skill level 5 in Armour
 14735 | Lair:2   | Found a staircase to the Snake Pit.
 15533 | Lair:3   | Noticed Rupert
 15538 | Lair:3   | Paralysed by Rupert for 3 turns
 15563 | Lair:3   | Killed Rupert
 15855 | Lair:3   | Found a staircase to the Shoals.
 15873 | Lair:3   | Reached XP level 13. HP: 99/104 MP: 17/26
 15934 | Lair:3   | Reached skill level 11 in Axes
 15967 | Lair:3   | Noticed Snorg
 15979 | Lair:3   | Killed Snorg
 17634 | Lair:5   | Entered Level 5 of the Lair of Beasts
 17681 | Lair:5   | Reached skill level 5 in Shields
 17698 | Lair:5   | Reached skill level 5 in Maces & Flails
 18117 | Lair:5   | Found a viscous altar of Jiyva.
 18118 | Lair:5   | Found a staircase to the Slime Pits.
 18168 | Lair:5   | Noticed Urug
 18183 | Lair:5   | Killed Urug
 18195 | Lair:5   | Reached skill level 10 in Fighting
 18300 | Lair:5   | Gained mutation: You regenerate health from kills. [demonic
                  | ancestry]
 18300 | Lair:5   | Reached XP level 14. HP: 67/113 MP: 19/28
 19139 | Lair:5   | Noticed Nessos
 19402 | Lair:5   | Identified the cursed +1 cloak "Bound Together" {Range,
                  | Self} (You found it on level 6 of the Dungeon)
 19413 | Lair:5   | Killed Nessos
 19833 | Lair:5   | Found a corrupted altar of Lugonu.
 19833 | Lair:5   | Found a one-way gate to the infinite horrors of the Abyss.
 20465 | Orc:1    | Entered Level 1 of the Orcish Mines
 20527 | Orc:1    | Found Usaesoy's Magic Scroll Shop.
 20530 | Orc:1    | Found Itzexig's Antique Armour Shop.
 20587 | Orc:1    | Bought a scroll of enchant weapon for 105 gold pieces
 20953 | Orc:1    | Reached skill level 12 in Axes
 20953 | Orc:1    | Found Ettett's Jewellery Shoppe.
 21068 | Orc:1    | Found Ingeda's General Store.
 21391 | Orc:2    | Entered Level 2 of the Orcish Mines
 21432 | Orc:2    | Found a staircase to the Elven Halls.
 22075 | Orc:2    | Found Soastris's Armour Emporium.
 22075 | Orc:2    | Found Omampof's Armour Boutique.
 22077 | Orc:2    | Found Tann's Assorted Antiques.
 22077 | Orc:2    | Found Holaoph's Distillery.
 22089 | Orc:2    | Bought a potion of flight for 48 gold pieces
 22089 | Orc:2    | Bought a potion of flight for 48 gold pieces
 22941 | D:13     | Identified the +1 falchion of Iwkest {holy, rF+ rN+}
 23272 | D:13     | Gained mutation: You regenerate a lot of health from kills.
                  | [demonic ancestry]
 23272 | D:13     | Reached XP level 15. HP: 86/122 MP: 21/30
 23503 | D:13     | Found a runed translucent door.
 23507 | D:13     | Noticed spardeous's ghost (journeyman DgCj)
 24053 | D:14     | Reached skill level 10 in Throwing
 24343 | D:14     | Identified the +10 rapier "Benaufaa" {heavy, rCorr Str+4
                  | Dex+2}
 24594 | D:14     | Found a stormy altar of Qazlal.
 25088 | D:14     | Reached **** piety under Ashenzari
 25376 | D:14     | Found a gate to the Vaults.
 25541 | D:15     | Entered Level 15 of the Dungeon
 26010 | D:15     | Found a staircase to the Depths.
 26875 | Orc:1    | Bought the ring of the Six Changing Loafs {Wiz rPois SInv}
                  | for 590 gold pieces
 27039 | Snake:1  | Entered Level 1 of the Snake Pit
 27570 | Snake:1  | Reached skill level 13 in Axes
 28560 | Snake:2  | Found Kabesyul's CLEARANCE SALE!.
 28570 | Snake:2  | Reached XP level 16. HP: 110/134 MP: 23/32
 28637 | Snake:2  | HP: 6/134 [constriction (4)]
 28640 | Snake:2  | Slain by a nagaraja

Illustrated notes

Levels and vault maps discovered:
D:1:      ncdulo_halloftheorcs, layout_basic, nicolae_ecumenical_lake_church
D:2:      layout_basic, glass_columns_c, nicolae_elevator_lobby_plus
D:3:      layout_loops_ring, amethyst_overflow_temple_binary, serial_shops, shop
D:4:      layout_basic, minmay_temple_entry_overgrown, serial_shops,
          kennysheep_little_box
D:5:      layout_cave_pools, serial_gnoll_camp, grums_kennel,
          gnoll_camp_mini_doghouse, gnoll_camp_medium_01, gnoll_camp_huts_basic,
          gnoll_camp_mini_hut, minivault_26
D:6:      layout_cave_pools, grunt_ministairs_6, kennysheep_generic_room_13
D:7:      layout_basic, nicolae_hexahallways
D:8:      layout_basic, david_lair_generic, uniq_joseph
D:9:      layout_roguey, grunt_temple_overflow_opulence, hiddenorc1_lemuel,
          uniq_psyche
D:10:     minmay_wavy_crystal, layout_stronghold,
          chequers_temple_overflow_statue_of_worship,
          nicolae_trove_entry_isolated
D:11:     layout_cave_pods, ebering_ghost_reflecting_pool,
          gauntlet_entry_generic, minmay_misc_feat_iff, nicolae_two_hexagons,
          uniq_erica
D:12:     layout_basic, serial_shops, nicolae_shop_rolling_square
D:13:     cheibrodos_frozen_isle, layout_loops_cross, gammafunk_ghost_grave
D:14:     kennysheep_blocky_hall, layout_basic, grunt_vaults_entry_tiered,
          nicolae_qazlal_general_emergency
D:15:     grunt_enter_depths_magical_seal, layout_basic, abandoned_shop,
          fungi_pond_lemuel
Temple:   minmay_temple_bridge_d
Lair:1:   layout_gridlike, serial_forest, infiniplex_forest_end_1,
          infiniplex_forest_straight_4, infiniplex_forest_lined_1,
          infiniplex_forest_clump_C
Lair:2:   layout_loops_ring, nicolae_snake_entry_warm_welcome
Lair:3:   layout_misc_corridors, shoals_dummy_entry, beast_lair_carwin_10,
          uniq_rupert, uniq_snorg
Lair:4:   layout_roguey
Lair:5:   hellmonk_lair_end_abyssal_woods, layout_long_grid,
          dpeg_slime_entry_corner, chequers_serial_rivers_small_3,
          eino_house_with_fridge, infiniplex_staircase_pool_2, uniq_nessos,
          uniq_urug
Snake:1:  layout_basic, nicolae_snake_gridmaze_entwining, grunt_megastairs_3
Snake:2:  layout_misc_corridors, special_room, basic_altar,
          nicolae_shop_clearance
Orc:1:    lemuel_ogre_cave, layout_caves, serial_shops, shop,
          nicolae_shop_tiny_glass, nicolae_shop_rolling_square, shop_statue
Orc:2:    grunt_orc_tribal_feast, layout_caves, david_defended_altar_orc

Skill      XL: |  1  2  3  4  5  6  7  8  9 10 11 12 13 14 15 |
---------------+----------------------------------------------+-----
Throwing       | 2 3 4 5 6 7 8 9 11 | 11.1
Axes           | 3 4 5 6 7 9 10 11 12 13 | 13.1
Dodging        | 3 4 5 6 |  6.0
Spellcasting   | 1 2 3 4 5 7 8 9 |  9.7
Fighting       | 3 4 5 7 8 9 10 12 | 12.2
Hexes          | 1 2 3 4 5 |  5.1
Armour         | 2 4 5 6 7 8 |  8.4
Maces & Flails | 1 3 5 6 8 |  8.5
Shields        | 1 4 5 6 7 |  7.4

Action                     |  1- 3 |  4- 6 |  7- 9 | 10-12 | 13-15 | 16-18 || total
---------------------------+-------+-------+-------+-------+-------+-------++-------
  Melee: War axe           |   116 |     1 |       |       |   167 |       ||   284
         Punch             |     1 |       |     8 |     8 |    19 |       ||    36
         Hand axe          |       |    95 |   303 |   595 |  1059 |       ||  2052
         Tailslap          |       |       |    27 |   100 |   343 |     6 ||   476
         Unarmed           |       |       |       |    26 |    12 |       ||    38
         Flail             |       |       |       |       |    12 |       ||    12
         Great mace        |       |       |       |       |   254 |    21 ||   275
  Throw: Dart              |       |       |     6 |    17 |    24 |     1 ||    48
         Javelin           |       |       |     1 |     2 |       |       ||     3
         Throwing net      |       |       |     1 |       |       |       ||     1
         Boomerang         |       |       |       |     1 |     2 |       ||     3
 Invoke: Curse Item        |       |       |     2 |     3 |     2 |       ||     7
         Shatter the Chain |       |       |       |       |     1 |       ||     1
  Evoke: Wand              |       |       |       |       |     4 |       ||     4
    Use: Scroll            |     3 |     9 |     3 |     2 |     7 |       ||    24
         Potion            |     2 |     4 |       |     7 |     6 |     5 ||    24
   Stab: Invisible         |       |     1 |       |       |       |       ||     1
         Sleeping          |       |     1 |       |       |       |       ||     1
 Armour: Leather armour    |    47 |    22 |    54 |    16 |       |       ||   139
         Scale mail        |       |       |       |   136 |   302 |       ||   438
         Steam dragon scal |       |       |       |     6 |       |       ||     6
         Skin              |       |       |       |       |     8 |       ||     8
         Chain mail        |       |       |       |       |   187 |    10 ||   197
  Dodge: Dodged            |    87 |    74 |   296 |   484 |  1124 |    10 ||  2075
